 Dungeon Crawl Stone Soup version 0.23-a0-814-g91b4073 (webtiles) character file.

4 jerryfan the Ruffian (level 1, 0/16 HPs)
             Began as a Draconian Transmuter on Jan 21, 2019.
             Slain by an ooze (4 damage)
             ... on level 1 of the Dungeon.
             The game lasted 00:01:02 (98 turns).

jerryfan the Ruffian (Draconian Transmuter)           Turns: 98, Time: 00:01:02

Health: 0/16       AC:  4    Str: 12    XL:     1   Next: 58%
Magic:  2/3        EV: 12    Int: 13    God:
Gold:   0          SH:  5    Dex: 11    Spells: 3/4 levels left

rFire    . . .     SeeInvis .     - Unarmed
rCold    . . .     Gourm    .   (no shield)
rNeg     . . .     Faith    .   (armour unavailable)
rPois    .         Spirit   .   (helmet restricted)
rElec    .         Reflect  +   (no cloak)
rCorr    .         Harm     .   (no gloves)
MR       .....                  (boots currently unavailable)
Stlth    +.........             d - +5 amulet of reflection
HPRegen  0.05/turn              (no ring)
MPRegen  0.08/turn              (no ring)

@: appendage
A: unfitting armour, talons 3, cold-blooded, AC +4
a: End Transformation


You were on level 1 of the Dungeon.
You were not hungry.
You had grown temporary talons.
You visited 1 branch of the dungeon, and saw 1 of its levels.

Inventory:

Missiles
 a - 12 arrows
Jewellery
 d - a +5 amulet of reflection (around neck)
Scrolls
 b - a scroll of identify {unknown}
Comestibles
 c - a ration


   Skills:
 + Level 1.2 Fighting
 + Level 1.8 Dodging
 + Level 3.0 Unarmed Combat
 + Level 2.0 Spellcasting
 + Level 2.1 Transmutations


You had 3 spell levels left.
You knew the following spells:

 Your Spells              Type           Power        Failure   Level  Hunger
a - Beastly Appendage     Tmut           #.....       11%         1    ##.....

Your spell library contained the following spells:

 Spells                   Type           Power        Failure   Level  Hunger
 Sticks to Snakes         Tmut           #.......     16%         2    ###....
 Spider Form              Tmut/Pois      #.........   45%         3    ####...
 Ice Form                 Ice/Tmut       #.......     86%         4    #####..
 Blade Hands              Tmut           #.........   96%         5    ######.


Dungeon Overview and Level Annotations

Branches:
Dungeon (1/15)

Altars:


Innate Abilities, Weirdness & Mutations

Your plain brown scales are hard. (AC +4)
You cannot fit into any form of body armour.
You are cold-blooded and may be slowed by cold attacks.
You have claws for feet.


Message History

There isn't anything to butcher here.
You start resting.
Magic restored.
You start resting.
A kobold comes into view. It is wielding a +0 club.
An ooze comes into view.
You see here a dented blue amulet.
d - a dented blue amulet Your horns disappear.
The ooze quivers.
Put on which piece of jewellery? (? for menu, Esc to quit)
d - a +5 amulet of reflection (around neck)
A hobgoblin comes into view.
Things that are here:
a +0 club; a +0 dagger The ooze jiggles.
Casting: Beastly Appendage (safe; 11% risk of failure)
Confirm with . or Enter, or press ? or * to list all spells.
Your feet morph into talons.
The ooze hits you.
You die...

###### ## ######....##### ####
.. #...#.........## #.... #.
#......#####..## #.... #g
#.#..@#.....#..###.... #.
#...J#.......#..##.... #.
##..#....<....#g.#.>..
######.####...#.......#..##....
........##..#..#.....#......#
######...)......#####..####g#
......##..###..............##
####.......###...K..........#
......#........#######g.##...


You could see an ooze.

Vanquished Creatures
  2 goblins (D:1)
  A hobgoblin (D:1)
  A kobold (D:1)
  A rat (D:1)
5 creatures vanquished.

Notes
Turn   | Place    | Note
-------+----------+-------------------------------------------
     0 | D:1      | jerryfan the Draconian Transmuter began the quest for the
                  | Orb.
     0 | D:1      | Reached XP level 1. HP: 16/16 MP: 3/3
    98 | D:1      | Slain by an ooze

Vault maps used:
D:1:      scummos_arrival_hexagon, bh_walls_and_bars

Action                   || total
-------------------------++-------
Melee: Unarmed           ||    13
       Headbutt          ||     2
       Tailslap          ||     1
 Cast: Beastly Appendage ||     3
Armor: Skin              ||     1
Dodge: Dodged            ||    16

Table legend:
 A = Non-vault XP
 B = Vault XP
 C = Vault XP percentage of total XP
 D = Non-vault monster count
 E = Vault monster count
 F = Vault count percentage of total count
                 A         B        C        D         E       F
            +---------+---------+-------+---------+---------+-------
      Total |       7 |       0 |   0.0 |       5 |       0 |   0.0
            +---------+---------+-------+---------+---------+-------
        D:1 |       7 |       0 |   0.0 |       5 |       0 |   0.0
            +---------+---------+-------+---------+---------+-------
